 Dungeon Crawl Stone Soup version 0.29.0 (webtiles) character file.

Game seed: 7792255513590384840

31 XZede the Chopper (level 3, -2/46 HPs)
             Began as a Minotaur Berserker on Aug 30, 2022.
             Was a Believer of Trog.
             Slain by a gnoll
             ... wielding a +0 halberd
              (12 damage)
             ... on level 2 of the Dungeon.
             The game lasted 00:02:56 (1303 turns).

XZede the Chopper (Minotaur Berserker)              Turns: 1303, Time: 00:02:56

Health: -2/46      AC:  3    Str: 23    XL:     3   Next: 7%
Magic:  2/2        EV: 11    Int:  4    God:    Trog [**....]
Gold:   131        SH:  0    Dex:  9    Spells: 2/2 levels left

rFire   . . .      SeeInvis .   a - +0 hand axe
rCold   . . .      Faith    .   (no shield)
rNeg    . . .      Spirit   .   d - +0 leather armour
rPois   .          Reflect  .   (helmet restricted)
rElec   .          Harm     .   (no cloak)
rCorr   .          Rampage  .   (no gloves)
Will    .....                   (no boots)
Stlth   ..........              (no amulet)
HPRegen 0.15/turn               (no ring)
MPRegen 0.08/turn               (no ring)

@: berserking, very quick
A: horns 2, retaliatory headbutt
a: Renounce Religion, Berserk, Trog's Hand


You were on level 2 of the Dungeon.
You worshipped Trog.
Trog was pleased with you.
You visited 1 branch of the dungeon, and saw 2 of its levels.

You collected 131 gold pieces.

Inventory:

Hand Weapons
 a - a +0 hand axe (weapon)
 f - a +0 dagger of venom
Armour
 d - a +0 leather armour (worn)
Potions
 b - a potion of magic {unknown}
 c - a potion of invisibility
 e - a potion of mutation {unknown}
 g - a potion of curing


   Skills:
 - Level 3.6 Fighting
 * Level 5.1 Axes
 - Level 2.4 Armour
 - Level 2.1 Dodging


You had 2 spell levels left.
You didn't know any spells.
Your spell library was empty.

Dungeon Overview and Level Annotations

Branches:
Dungeon (2/15)

Altars:


Innate Abilities, Weirdness & Mutations

You have a pair of horns on your head.
You reflexively headbutt those who attack you in melee.


Message History

You are too injured to fight recklessly!
You hit the worm. You headbutt the worm.
You kill the worm!
Trog accepts your kill.
You have reached level 3!
Your experience leads to an increase in your attributes!
Increase (S)trength, (I)ntelligence, or (D)exterity?
You feel stronger. x2
Key pressed, stopping explore.
You now have 131 gold pieces (gained 10). 2 gnolls come into view.
Found a stone staircase leading down.
The gnoll shouts! x2
A gnoll comes into view. It is wielding a +0 halberd.
A gnoll comes into view. It is wielding a +0 club.
The gnoll moves out of view.
The gnoll shouts! x2
A red film seems to cover your vision as you go berserk!
You feel yourself moving faster!
You feel mighty!
The gnoll hits you from afar with a +0 halberd.
You feel a strong urge to attack something.
The gnoll hits you with a +0 halberd.
You are too injured to fight recklessly!
You are too injured to fight recklessly!
You are too injured to fight recklessly!
You are too injured to fight recklessly!
You are too injured to fight recklessly!
You barely miss the gnoll. Your headbutt misses the gnoll.
You closely miss the gnoll. You slash the gnoll!
The gnoll is almost dead.
You slash the gnoll! The gnoll hits you with a +0 halberd!
You slash the gnoll!
You kill the gnoll!
Trog accepts your kill.
You hit the gnoll but do no damage. You completely miss the gnoll.
The gnoll hits you from afar with a +0 halberd!
* * * LOW HITPOINT WARNING * * *
The gnoll hits you with a +0 halberd!
You die...

##### #.. #.... ##..
### #..## ... ..# #....
#>. #.# #.#.# #..## #.#
#.#.# #.g.# #.# ###.#.#
#g)# #.# #...#.#
...##g@###.######.###.#
#................# #.#
...####.###..#######
#.. . .............#
###.####.####.# #.# #.#
#.# #.# #.# #.# #. #.#


You could see 3 gnolls.

Vanquished Creatures
  A gnoll (D:2)
  A worm (D:2)
  3 giant cockroaches (D:1)
  7 goblins
  2 hobgoblins (D:1)
  A quokka (D:2)
  2 ball pythons
  3 bats
  A frilled lizard (D:1)
  3 kobolds (D:1)
  7 rats (D:1)
31 creatures vanquished.

Notes
Turn   | Place    | Note
-------+----------+-------------------------------------------
     0 | D:1      | XZede the Minotaur Berserker began the quest for the Orb.
     0 | D:1      | Reached XP level 1. HP: 19/19 MP: 0/0
   192 | D:1      | Reached skill level 4 in Axes
   382 | D:1      | Reached XP level 2. HP: 26/26 MP: 1/1
   453 | D:1      | Found a faded altar of an unknown god.
   723 | D:1      | Reached ** piety under Trog
   842 | D:1      | Reached skill level 5 in Axes
  1195 | D:2      | Reached XP level 3. HP: 21/31 MP: 2/2
  1303 | D:2      | Slain by a gnoll

Illustrated notes

Levels and vault maps discovered:
D:1:      dpeg_arrival_rooms_c, layout_basic, ebering_ecumenical_altar_mist,
          minmay_split_cup_large
D:2:      layout_loops_ring, serial_shops, shop, minmay_goblin_kobold_house,
          uniq_terence

Skill      XL: |  1  2 |
---------------+-------+-----
Axes           | 4 5 |  5.1
Fighting       | |  3.6
Armour         | |  2.4
Dodging        | |  2.1

Action                   || total
-------------------------++-------
Melee: Hand axe          ||    66
       Headbutt          ||     4
       Punch             ||     1
Invok: Berserk           ||     1
  Use: Scroll            ||     2
Armor: Animal skin       ||     6
       Leather armour    ||    11
Dodge: Dodged            ||    30
